 Dungeon Crawl Stone Soup version 0.27-a0-543-gd81048afd2 (webtiles) character file.

Game seed: 2399166339552527583

1970 Leibowitz the Cleaver (level 9, -7/75 HPs)
             Began as a Minotaur Fighter on Mar 7, 2021.
             Was a Believer of Okawaru.
             Killed from afar by a steam dragon (12 damage)
             ... with a ball of steam
             ... on level 7 of the Dungeon.
             The game lasted 00:10:35 (6325 turns).

Leibowitz the Cleaver (Minotaur Fighter)            Turns: 6325, Time: 00:10:36

Health: -7/75      AC: 10    Str: 23    XL:     9   Next: 0%
Magic:  8/8        EV:  7    Int:  5    God:    Okawaru [**....]
Gold:   444        SH: 11    Dex: 11    Spells: 8/8 levels left

rFire    . . .     SeeInvis .   i - +2 hand axe (freeze)
rCold    . . .     Faith    .   c - +0 kite shield
rNeg     . . .     Spirit   .   g - +0 chain mail
rPois    .         Reflect  .   (helmet restricted)
rElec    .         Harm     .   (no cloak)
rCorr    .         Rampage  .   (no gloves)
Will     .....                  (no boots)
Stlth    ..........             (no amulet)
HPRegen  0.22/turn              (no ring)
MPRegen  0.11/turn              (no ring)

@: very slightly contaminated, invisible
A: horns 2, retaliatory headbutt
a: Renounce Religion, Heroism


You were on level 7 of the Dungeon.
You worshipped Okawaru.
Okawaru was pleased with you.
You visited 2 branches of the dungeon, and saw 8 of its levels.

You collected 444 gold pieces.

Inventory:

Hand Weapons
 a - a +0 war axe
 i - a +2 hand axe of freezing (weapon)
 C - a +1 battleaxe of flaming
Armour
 c - a +0 kite shield (worn)
 g - a +0 chain mail (worn)
Jewellery
 p - a +4 ring of protection
 z - a +6 ring of intelligence
 B - a ring of magical power
Wands
 u - a wand of flame (21)
 x - a wand of digging (2)
 y - a wand of charming (8)
 G - a wand of random effects (17)
Scrolls
 b - 2 scrolls of random uselessness {unknown}
 e - a scroll of enchant weapon {unknown}
 j - 4 scrolls of magic mapping {unknown}
 k - 7 scrolls of identify {unknown}
 l - 2 scrolls of enchant armour {unknown}
 n - 3 scrolls of amnesia {unknown}
 q - a scroll of fear {unknown}
 t - 3 scrolls of noise {unknown}
 w - a scroll of blinking {unknown}
 E - a scroll of vulnerability {unknown}
 F - 2 scrolls of teleportation {unknown}
 H - a scroll of fog {unknown}
Potions
 d - 3 potions of might
 f - a potion of flight {unknown}
 m - a potion of heal wounds {unknown}
 o - a potion of mutation {unknown}
 r - 2 potions of invisibility
 s - a potion of ambrosia {unknown}
 v - a potion of magic {unknown}
 A - a potion of resistance {unknown}
 D - a potion of degeneration {unknown}


   Skills:
 + Level 6.2 Fighting
 + Level 8.8 Axes
 + Level 8.0 Armour
 + Level 2.1 Dodging
 + Level 0.8 Stealth
 + Level 7.2 Shields


You had 8 spell levels left.
You didn't know any spells.
Your spell library was empty.

Dungeon Overview and Level Annotations

Branches:
Dungeon (7/15)             Temple (1/1) D:5

Altars:
Ashenzari
Cheibriados
Dithmenos
Fedhas
Gozag
Hepliaklqana
Kikubaaqudgha
Makhleb
Nemelex Xobeh
Okawaru
Qazlal
Ru
Sif Muna
Trog
Uskayaw
Vehumet
Wu Jian
Xom
Yredelemnul
Zin
The Shining One

Annotations:
D:6 1 runed translucent door, Astera's ghost, amateur SpBr


Innate Abilities, Weirdness & Mutations

You have a pair of horns on your head.
You reflexively headbutt those who attack you in melee.


Message History

The steam dragon claws you but does no damage.
The steam dragon bites you but does no damage.
The steam dragon claws you but does no damage.
You hit the steam dragon. You freeze the steam dragon.
The steam dragon is lightly wounded.
You hit the steam dragon but do no damage.
You are engulfed in a cloud of scalding steam.
* * * LOW HITPOINT WARNING * * *
The steam dragon breathes steam at you.
The ball of steam hits you but does no damage.
The steam dragon breathes steam at you. The ball of steam hits you.
* * * LOW HITPOINT WARNING * * *
The steam dragon bites you.
* * * LOW HITPOINT WARNING * * *
You block the steam dragon's attack.
It was a potion of invisibility.
You fade into invisibility!
* * * LOW HITPOINT WARNING * * *
The steam dragon barely misses you. You block the steam dragon's attack. x3
You are very lightly contaminated with residual magic.
The steam dragon breathes steam at the steam dragon.
The ball of steam hits the steam dragon.
The steam dragon resists.
The ball of steam hits you.
* * * LOW HITPOINT WARNING * * *
The steam dragon breathes steam at something.
It was a potion of curing.
You feel better. The steam dragon breathes steam at you.
The ball of steam hits you!
* * * LOW HITPOINT WARNING * * *
The steam dragon barely misses you.
The steam dragon claws you but does no damage.
You feel better.
* * * LOW HITPOINT WARNING * * *
The steam dragon closely misses you. You furiously retaliate!
You headbutt the steam dragon, but do no damage.
The steam dragon claws you but does no damage.
The steam dragon breathes steam at you. The ball of steam hits you!
You die...

#...............##
#................#
.#................#
..................#
.>....).)..§§D....####
........)...§D........
............###D§...##
.............D§§..§...
###..........@§.§..§..
#..###....######....
#..# ##.$## #.. #.##
#.## . ## #.# ###


You could see 2 steam dragons.

Vanquished Creatures
  A black bear (D:7)
  3 ogres
  A centaur (D:5)
  2 phantoms
  A bullfrog (D:6)
  3 scorpions
  3 howler monkeys
  2 centaur zombies
  A bullfrog skeleton (D:5)
  A centaur skeleton (D:5)
  An orc priest (D:7)
  2 jellies (D:6)
  A hound (D:4)
  3 iguanas
  3 worker ants
  4 orc wizards
  A hound zombie (D:5)
  Robin (D:2)
  4 gnolls (D:2)
  6 adders
  An ooze (D:1)
  3 adder skeletons (D:4)
  An adder zombie (D:7)
  3 worms
  A dart slug (D:1)
  6 leopard geckos
  24 orcs
  2 bats
  4 giant cockroaches
  15 goblins
  7 hobgoblins
  3 jackals
  3 kobolds
  5 quokkas
  5 frilled lizards
  A jackal skeleton (D:4)
  2 leopard gecko skeletons
  2 rats (D:1)
132 creatures vanquished.

Vanquished Creatures (others)
  2 fungi (D:7)
2 creatures vanquished.

Grand Total: 134 creatures vanquished

Notes
Turn   | Place    | Note
-------+----------+-------------------------------------------
     0 | D:1      | Leibowitz the Minotaur Fighter began the quest for the Orb.
     0 | D:1      | Reached XP level 1. HP: 19/19 MP: 0/0
   242 | D:1      | Reached XP level 2. HP: 27/27 MP: 1/1
   758 | D:2      | Reached XP level 3. HP: 30/33 MP: 2/2
   829 | D:2      | Found a shimmering blue altar of Sif Muna.
   906 | D:2      | Noticed Robin
   947 | D:2      | Killed Robin
  1459 | D:2      | Reached XP level 4. HP: 41/41 MP: 3/3
  2664 | D:3      | Reached XP level 5. HP: 47/47 MP: 4/4
  3022 | D:4      | Reached skill level 5 in Armour
  3169 | D:4      | Reached skill level 5 in Axes
  3169 | D:4      | Reached XP level 6. HP: 51/55 MP: 5/5
  3380 | D:4      | Reached skill level 5 in Fighting
  3924 | D:5      | Entered Level 5 of the Dungeon
  3924 | D:5      | Found an iron altar of Okawaru.
  3928 | D:5      | Became a worshipper of Warmaster Okawaru
  3944 | D:5      | Reached XP level 7. HP: 61/61 MP: 6/6
  4100 | D:5      | Found a sparkling altar of Nemelex Xobeh.
  4114 | D:5      | Reached skill level 1 in Dodging
  4146 | D:5      | Reached skill level 5 in Shields
  4211 | D:5      | Reached * piety under Okawaru
  4459 | D:5      | Found a staircase to the Ecumenical Temple.
  4467 | Temple   | Entered the Ecumenical Temple
  5021 | D:6      | Found a bloodstained altar of Trog.
  5397 | D:6      | Reached XP level 8. HP: 69/69 MP: 7/7
  5762 | D:6      | Found a runed translucent door.
  5763 | D:6      | Noticed Astera's ghost (amateur SpBr)
  6140 | D:7      | Found a basalt altar of Yredelemnul.
  6140 | D:7      | Found a shadowy altar of Dithmenos.
  6150 | D:7      | Reached ** piety under Okawaru
  6194 | D:7      | Identified the +1 leather armour of Mollutz {+Inv Str+4
                  | Int-5}
  6312 | D:7      | Reached XP level 9. HP: 46/75 MP: 8/8
  6318 | D:7      | HP: 2/75 [steam dragon/ball of steam (6)]
  6323 | D:7      | HP: 1/75 [steam dragon/ball of steam (7)]
  6325 | D:7      | Killed from afar by a steam dragon

Illustrated notes

Levels and vault maps discovered:
D:1:      enne_arrival_octagon_isle, layout_loops_corners
D:2:      minmay_wonky_spiral, layout_loops_corners, lemuel_doored_altar,
          uniq_robin
D:3:      layout_loops_ring
D:4:      layout_gridville
D:5:      layout_loops_ring, minmay_temple_entry_junction, basic_altar,
          serial_glass, glass_columns_a, glass_columns_a,
          nemelex_xobeh_ov_fountains_minmay
D:6:      layout_gridville, gammafunk_ghost_grave,
          chequers_serial_rivers_small_b, chequers_serial_rivers_micro_b,
          trog_three_pillars_becter
D:7:      kennysheep_steamy, layout_layer_cave, elyvilon_altar_1,
          gammafunk_temple_overflow_wave, okawaru_ov_weapons_minmay
Temple:   dpeg_five_rooms_temple

Skill      XL: |  1  2  3  4  5  6  7  8 |
---------------+-------------------------+-----
Fighting       | 4 5 6 |  6.2
Armour         | 4 5 6 8 |  8.0
Axes           | 3 4 5 6 7 8 |  8.8
Shields        | 4 5 7 |  7.2
Dodging        | 1 2 |  2.1
Stealth        | |  0.8

Action                   |  1- 3 |  4- 6 |  7- 9 || total
-------------------------+-------+-------+-------++-------
Melee: War axe           |    37 |       |       ||    37
       Headbutt          |    11 |    19 |    32 ||    62
       Hand axe          |    36 |   128 |   166 ||   330
       Unarmed           |    25 |       |       ||    25
  Use: Potion            |       |       |     3 ||     3
Armor: Chain mail        |    39 |    57 |    71 ||   167
       Scale mail        |     1 |       |       ||     1
Dodge: Dodged            |    37 |    24 |    42 ||   103
Block: Kite shield       |    37 |    50 |    86 ||   173

Table legend: (Time is in decaauts)
 A = Elapsed time spent in this place.
 B = Non-inter-level travel time spent in this place.
 C = Inter-level travel time spent in this place.
 D = Time resting spent in this place.
 E = Time spent auto-exploring this place.
 F = Levels seen in this place.
 G = Mean time per level.
                   A        B        C        D        E       F      G
               +--------+--------+--------+--------+--------+-----+--------+
         Total |   6414 |   6124 |    290 |    669 |   4326 |   8 |  801.8 |
       Dungeon |   6152 |   5910 |    242 |    669 |   4114 |   7 |  878.9 |
        Temple |    261 |    213 |     48 |      0 |    212 |   1 |  261.0 |
               +--------+--------+--------+--------+--------+-----+--------+

Top non-repeatable levels by time:
     D:2: 1477 daAuts
     D:4: 1273 daAuts
     D:5: 898 daAuts
     D:1: 769 daAuts
     D:3: 715 daAuts
     D:6: 571 daAuts
     D:7: 447 daAuts
  Temple: 261 daAuts
